 Dungeon Crawl Stone Soup version 0.29-a0-775-g4d7333d4e2 (webtiles) character file.

Game seed: 8152951818263401400

5 Zdeegee the Sneak (level 1, 0/14 HPs)
             Began as an Octopode Brigand on July 1, 2022.
             Slain by a goblin
             ... wielding a +0 club
              (4 damage)
             ... on level 1 of the Dungeon.
             The game lasted 00:00:28 (40 turns).

Zdeegee the Sneak (Octopode Brigand)                  Turns: 40, Time: 00:00:28

Health: 0/14       AC:  1    Str: 10    XL:     1   Next: 80%
Magic:  1/1        EV: 12    Int: 13    God:
Gold:   0          SH:  0    Dex: 13    Spells: 0/0 levels left

rFire   . . .      SeeInvis .   a - +2 dagger
rCold   . . .      Faith    .   (no shield)
rNeg    . . .      Spirit   .   (helmet restricted)
rPois   .          Reflect  .   (no amulet)
rElec   .          Harm     .   (no ring)
rCorr   .          Rampage  .   (no ring)
Will    .....                   (no ring)
Stlth   ++++......              (no ring)
HPRegen 0.04/turn               (no ring)
MPRegen 0.07/turn               (no ring)
                                (no ring)
                                (no ring)

@: no status effects
A: almost no armour, amphibious, 8 rings, camouflage 1, gelatinous body 1,
(nimble swimmer 1), tentacles
a: no special abilities


You were on level 1 of the Dungeon.
You visited 1 branch of the dungeon, and saw 1 of its levels.

Inventory:

Hand Weapons
 a - a +2 dagger (weapon)
Missiles
 b - 9 poisoned darts (quivered)
 c - 3 curare-tipped darts
 d - a throwing net


   Skills:
 * Level 2.1 Fighting
 * Level 2.0 Short Blades
 * Level 2.0 Throwing
 * Level 1.0 Dodging
 * Level 5.5 Stealth
 * Level 0.3 Hexes


You couldn't memorise any spells.
You didn't know any spells.
Your spell library was empty.

Dungeon Overview and Level Annotations

Branches:
Dungeon (1/15)

Altars:


Innate Abilities, Weirdness & Mutations

You cannot wear most types of armour.
You are amphibious.
You can wear up to eight rings at the same time.
Your skin changes colour to match your surroundings (Stealth+).
Your rubbery body absorbs attacks. (AC +1, EV +1)
((You are camouflaged when in or above water. (Stealth+)))
You have tentacles for arms and can constrict up to eight enemies at once.


Message History

No target in view!
You see here a dart slug corpse.
A kobold comes into view. It is wielding a +0 dagger.
A kobold is nearby!
A rat comes into view.
The helpless kobold fails to defend itself.
You impale the kobold!!
You kill the kobold!
Found a dagger.
A kobold and a quokka come into view.
A goblin comes into view. It is wielding a +0 club.
The helpless rat fails to defend itself.
You impale the rat!!
You kill the rat!
The quokka bites you.
You hit the quokka. Your grab misses the quokka.
Your squeeze misses the quokka.
The quokka is moderately wounded.
The quokka bites you.
You closely miss the quokka. Your grab misses the quokka.
Your squeeze misses the quokka.
The quokka is moderately wounded.
The quokka bites you.
You barely miss the quokka. You grab the quokka.
The quokka is moderately wounded.
You constrict the quokka. The quokka bites you.
* * * LOW HITPOINT WARNING * * *
The kobold throws a stone.
The stone hits you but does no damage.
You are too injured to fight recklessly!
You release your grip on the quokka.
The goblin attacks as you move away! The goblin barely misses you.
The quokka barely misses you. The quokka attacks as you move away!
The quokka closely misses you. The quokka attacks as you move away!
The quokka barely misses you.
You hit the quokka.
You kill the quokka!
The kobold barely misses you.
You barely miss the kobold. Your grab misses the kobold.
Your squeeze misses the kobold. The goblin hits you with a +0 club.
You die...

.# ##### ...... ...#
#..... ##.##### #.....
#......#
##.....####.)....#
........g@.......#
........##K......#####
#......#...........†#
#........##########.##
.......†### #..#
....)...# ##.##
........# #..#
...###### ##.## ..
#..#


You could see a goblin and a kobold.

Vanquished Creatures
  A dart slug (D:1)
  A quokka (D:1)
  A kobold (D:1)
  A rat (D:1)
4 creatures vanquished.

Notes
Turn   | Place    | Note
-------+----------+-------------------------------------------
     0 | D:1      | Zdeegee the Octopode Brigand began the quest for the Orb.
     0 | D:1      | Reached XP level 1. HP: 14/14 MP: 1/1
    40 | D:1      | Slain by a goblin

Illustrated notes

Levels and vault maps discovered:
D:1:      tarquinn_simple_flora_water_a, layout_rooms,
          amcnicky_mini_corridor_feature, dk_noncrumbling_4, nrook_uturn,
          nrook_loot_triangle

Action                   || total
-------------------------++-------
Melee: Dagger            ||     8
       Constrict         ||     1
 Stab: Sleeping          ||     3
Armor: Skin              ||     1
Dodge: Dodged            ||     5

Table legend: (Time is in decaauts)
 A = Elapsed time spent in this place.
 B = Non-inter-level travel time spent in this place.
 C = Inter-level travel time spent in this place.
 D = Time resting spent in this place.
 E = Time spent auto-exploring this place.
 F = Levels seen in this place.
 G = Mean time per level.
                   A        B        C        D        E       F      G
               +--------+--------+--------+--------+--------+-----+--------+
         Total |     39 |     39 |      0 |      0 |      7 |   1 |   39.0 |
       Dungeon |     39 |     39 |      0 |      0 |      7 |   1 |   39.0 |
               +--------+--------+--------+--------+--------+-----+--------+

Top non-repeatable levels by time:
     D:1: 39 daAuts
